 Dungeon Crawl Stone Soup version 0.25.1-2-g60ff931df9 (webtiles) character file.

Game seed: 17390882498209468892

270 Joeren the Firebug (level 6, 0/41 HPs)
             Began as a Formicid Fire Elementalist on Aug 29, 2020.
             Was an Initiate of Sif Muna.
             Slain by an orc
             ... wielding a +0 whip
              (3 damage)
             ... on level 5 of the Dungeon.
             The game lasted 00:26:13 (5275 turns).

Joeren the Firebug (Formicid Fire Elementalist)     Turns: 5275, Time: 00:26:13

Health: 0/41       AC:  5    Str: 12    XL:     6   Next: 47%
Magic:  0/10       EV: 12    Int: 17    God:    Sif Muna [......]
Gold:   175        SH:  0    Dex: 11    Spells: 3/11 levels left

rFire    + . .     SeeInvis +   a - +0 dagger
rCold    . . .     Gourm    .   (no shield)
rNeg     . . .     Faith    +   d - +0 robe
rPois    .         Spirit   .   (helmet unavailable)
rElec    .         Reflect  .   (no cloak)
rCorr    .         Harm     .   j - +0 pair of gloves
MR       +....                  (no boots)
Stlth    ++........             o - amulet of faith
HPRegen  0.13/turn              n - ring of protection from magic
MPRegen  0.12/turn              (no ring)

@: no status effects
A: permanent stasis, dig shafts and tunnels, four strong arms, antennae 3, icy
blue scales 1, fire resistance 1, wild magic 1
a: Dig, Shaft Self, Renounce Religion


You were on level 5 of the Dungeon.
You worshipped Sif Muna.
Sif Muna was noncommittal.
You were very hungry.

You visited 1 branch of the dungeon, and saw 5 of its levels.

You collected 175 gold pieces.

Inventory:

Hand Weapons
 a - a +0 dagger (weapon)
 e - a +0 short sword
Missiles
 h - 31 stones (quivered)
Armour
 d - a +0 robe (worn)
 j - a +0 pair of gloves (worn)
Jewellery
 n - a ring of protection from magic (left hand)
 o - an amulet of faith (around neck)
Scrolls
 b - 5 scrolls of identify {unknown}
 k - a scroll of teleportation {unknown}
 l - 4 scrolls of remove curse {unknown}
Comestibles
 c - 6 rations
 f - a chunk of flesh


   Skills:
 - Level 1.7 Dodging
 - Level 2.4 Stealth
 - Level 3.0 Spellcasting
 + Level 3.6 Conjurations
 + Level 5.0 Fire Magic


You had 3 spell levels left.
You knew the following spells:

 Your Spells              Type           Power        Failure   Level  Hunger
a - Foxfire               Conj/Fire      ###.         5%          1    None
b - Conjure Flame         Conj/Fire      ###.....     13%         3    ###....
c - Sticky Flame          Conj/Fire      ###.....     36%         4    ####...

Your spell library contained the following spells:

 Spells                   Type           Power        Failure   Level  Hunger
 Magic Dart               Conj           ###.         7%          1    None
 Animate Skeleton         Necr           N/A          24%         1    None
 Apportation              Tloc           #.....       24%         1    None
 Corona                   Hex            #......      24%         1    None
 Summon Small Mammal      Summ           #...         24%         1    None
 Inner Flame              Hex/Fire       ##......     26%         3    ###....
 Fireball                 Conj/Fire      ###.......   71%         5    ######.


Dungeon Overview and Level Annotations

Branches:
Dungeon (4/15)             Temple (0/1) D:5

Altars:
Kikubaaqudgha
Okawaru
Sif Muna
Vehumet

Annotations:
D:3 exclusion: downstairs


Innate Abilities, Weirdness & Mutations

You cannot be hasted, slowed, berserked, paralysed or teleported.
You can dig through walls and to a lower floor.
Your four strong arms can wield two-handed weapons with a shield.
You have a pair of large antennae on your head. (SInv)
You are partially covered in icy blue scales. (AC +2)
Your flesh is heat resistant. (rF+)
Your spells are a little harder to cast, but a little more powerful.


Message History

Casting: Foxfire (safe; 5% risk of failure)
Confirm with . or Enter, or press ? or * to list all spells.
You conjure some foxfire!
The orc misses you.
Your foxfire dissipates!
The orc closely misses you.
Casting: Foxfire (safe; 5% risk of failure)
Confirm with . or Enter, or press ? or * to list all spells.
You conjure some foxfire!
Casting: Foxfire (safe; 5% risk of failure)
Confirm with . or Enter, or press ? or * to list all spells.
You don't have enough magic to cast that spell.
Unknown command.
You barely miss the orc.
The foxfire hits the orc.
The orc is moderately wounded.
The orc hits you with a +0 whip.
* * * LOW HITPOINT WARNING * * *
Casting: Foxfire (safe; 5% risk of failure)
Confirm with . or Enter, or press ? or * to list all spells.
You conjure some foxfire!
The orc hits you with a +0 whip.
You die...

**,,,** #.#***
**+** #.# *,* #.#
*****,**##### #.#
,,,,,,,,,...# #.#
****,,,***#.####)#
* *,,,,,* #.....)#
**,,,**##.####v#
**,** #.....o@#
*** ##.###### ###


You could see an orc.

Vanquished Creatures
  An ice beast (D:5)
  An orc wizard (D:2)
  A hound skeleton (D:5)
  3 adders (D:2)
  An ooze (D:2)
  A worm (D:2)
  4 dart slugs
  7 orcs
  3 giant cockroaches
  12 goblins
  8 hobgoblins
  9 jackals
  A quokka (D:4)
  2 ball pythons
  11 bats
  4 frilled lizards (D:1)
  9 kobolds
  13 rats
91 creatures vanquished.

Vanquished Creatures (others)
  294 foxfires
294 creatures vanquished.

Grand Total: 385 creatures vanquished

Notes
Turn   | Place    | Note
-------+----------+-------------------------------------------
     0 | D:1      | Joeren the Formicid Fire Elementalist began the quest for
                  | the Orb.
     0 | D:1      | Reached XP level 1. HP: 13/13 MP: 3/3
   170 | D:1      | Reached skill level 1 in Conjurations
   263 | D:1      | Reached XP level 2. HP: 19/19 MP: 0/5
   861 | D:1      | Reached XP level 3. HP: 24/24 MP: 1/7
  1970 | D:2      | Learned a level 3 spell: Conjure Flame
  1981 | D:2      | Reached XP level 4. HP: 30/30 MP: 5/8
  2885 | D:4      | Noticed a sky beast
  3341 | D:2      | Reached skill level 4 in Fire Magic
  3343 | D:2      | Reached XP level 5. HP: 35/35 MP: 3/9
  3397 | D:2      | Learned a level 4 spell: Sticky Flame
  3602 | D:2      | Found an ancient bone altar of Kikubaaqudgha.
  3604 | D:2      | Found a shimmering blue altar of Sif Muna.
  3607 | D:2      | Found a radiant altar of Vehumet.
  3614 | D:2      | Identified Vehumet's Guide on Conjuration
  3626 | D:2      | Became a worshipper of Sif Muna the Loreminder
  3924 | D:2      | Found a faded altar of an unknown god.
  4115 | D:2      | Found an iron altar of Okawaru.
  5024 | D:3      | You fall into a shaft and drop 2 floors!
  5024 | D:5      | Entered Level 5 of the Dungeon
  5231 | D:5      | Noticed an ice beast
  5244 | D:5      | Gained mutation: Your flesh is heat resistant. (rF+)
                  | [potion of mutation]
  5244 | D:5      | Gained mutation: You are partially covered in icy blue
                  | scales. (AC +2) [potion of mutation]
  5244 | D:5      | Gained mutation: Your spells are a little harder to cast,
                  | but a little more powerful. [potion of mutation]
  5265 | D:5      | Killed an ice beast
  5265 | D:5      | Reached skill level 5 in Fire Magic
  5265 | D:5      | Reached XP level 6. HP: 5/41 MP: 2/10
  5275 | D:5      | Slain by an orc

Illustrated notes

Levels and vault maps discovered:
D:1:      dpeg_arrival_arbitrary_c, layout_basic, st_stairs_5, hex_tiny,
          minmay_hedge_maze, minmay_misc_feat_alley
D:2:      layout_loops_ring, grunt_temple_overflow_magic_moments,
          chequers_ecumenical_altar_lobes, kennysheep_okawaru_gauntlet
D:3:      layout_loops_ring, first_ration
D:4:      layout_loops_ring, tgw_fedhas
D:5:      layout_loops_corners, minmay_temple_entry_trees

Skill      XL: |  1  2  3  4  5 |
---------------+----------------+-----
Conjurations   | 1 2 3 |  3.6
Spellcasting   | 3 |  3.0
Fire Magic     | 4 5 |  5.0
Dodging        | |  1.7
Stealth        | |  2.4

Action                   |  1- 3 |  4- 6 || total
-------------------------+-------+-------++-------
Melee: Short sword       |     2 |       ||     2
       Dagger            |    29 |    38 ||    67
Throw: Stone             |       |     3 ||     3
 Cast: Foxfire           |    67 |   155 ||   222
       Conjure Flame     |       |     1 ||     1
 Abil: Dig               |       |     7 ||     7
       Shaft Self        |       |     1 ||     1
  Use: Potion            |       |     3 ||     3
       Scroll            |       |     1 ||     1
 Stab: Sleeping          |       |     1 ||     1
  Eat: Chunk             |     3 |    11 ||    14
Armor: Robe              |    15 |    29 ||    44
Dodge: Dodged            |    31 |    67 ||    98
